 Dungeon Crawl Stone Soup version 0.24.0-125-gc4c63601f3 (webtiles) character file.

Game seed: 8143550945373058037, levelgen mode: deterministic

3056 Kaiern the Thaumaturge (level 9, -4/33 (42) HPs)
             Began as a Spriggan Venom Mage on Mar 18, 2020.
             Was a Follower of Sif Muna.
             Hit by a large rock thrown by a cyclops (37 damage)
             ... on level 9 of the Dungeon.
             The game lasted 01:33:22 (13607 turns).

Kaiern the Thaumaturge (Spriggan Venom Mage)       Turns: 13607, Time: 01:33:23

HP:   -4/33 (42)    AC:  4    Str:  4    XL:     9   Next: 57%
MP:   27/32         EV: 18    Int: 19    God:    Sif Muna [*.....]
Gold: 380           SH:  0    Dex: 17    Spells: 17/26 levels left

rFire    + . .     SeeInvis +   r - +2 dagger (venom)
rCold    . . .     Gourm    .   (shield restricted)
rNeg     . . .     Faith    .   o - +2 robe {MR+}
rPois    .         Spirit   .   (helmet restricted)
rElec    .         Reflect  .   (no cloak)
rCorr    .         Harm     .   (gloves unavailable)
MR       ++...                  (boots unavailable)
Stlth    +++.......             n - amulet of the acrobat
HPRegen  0.11/turn              p - ring of magical power
MPRegen  0.23/turn              w - ring of protection from fire

@: very quick
A: very small, unfitting armour, see invisible, herbivore, speed 3, slow
metabolism 2
a: Channel Magic, Renounce Religion


You were on level 9 of the Dungeon.
You worshipped Sif Muna.
Sif Muna was aware of your devotion.
You were not hungry.

You visited 2 branches of the dungeon, and saw 10 of its levels.
You also visited: Ossuary.

You collected 498 gold pieces.
You spent 118 gold pieces at shops.

Inventory:

Hand Weapons
 r - a +2 dagger of venom (weapon)
 z - a +2 spear of pain
Missiles
 d - 129 sling bullets
 e - 272 stones (quivered)
Armour
 f - a +0 robe of positive energy
 o - a +2 robe of magic resistance (worn)
Jewellery
 n - an amulet of the acrobat (around neck)
 p - a ring of magical power (left hand)
 w - a ring of protection from fire (right hand)
 A - an uncursed ring of stealth {unknown}
Wands
 v - a wand of polymorph (18)
Scrolls
 a - 2 scrolls of teleportation
 h - a scroll of amnesia
 i - 2 scrolls of torment {unknown}
 l - 5 scrolls of remove curse
 t - a scroll of magic mapping {unknown}
 u - a scroll of holy word {unknown}
 x - a scroll of random uselessness {unknown}
 y - a scroll of fog {unknown}
Potions
 b - a potion of flight {unknown}
 g - 5 potions of brilliance
 j - 2 potions of degeneration
 k - a potion of haste
 m - 4 potions of curing
 q - a potion of resistance {unknown}
 s - 2 potions of mutation
Comestibles
 c - 8 rations


   Skills:
 - Level 2.0 Fighting
 - Level 3.1 Dodging
 + Level 3.9 Stealth
 - Level 9.1 Spellcasting
 * Level 5.7 Conjurations
 - Level 0.1 Air Magic
 + Level 8.4 Poison Magic


You had 17 spell levels left.
You knew the following spells:

 Your Spells              Type           Power        Failure   Level  Hunger
a - Sting                 Conj/Pois      ####         1%          1    None
b - Mephitic Cloud        Conj/Pois/Air  ####....     3%          3    None
c - Venom Bolt            Conj/Pois      #####.....   12%         5    #####..

Your spell library contained the following spells:

 Spells                   Type           Power        Failure   Level  Hunger
 Poisonous Vapours        Pois/Air       ###...       2%          2    None
 Olgreb's Toxic Radiance  Pois           #####...     2%          4    ###....


Dungeon Overview and Level Annotations

Branches:
Dungeon (9/15)             Temple (1/1) D:7         Ossuary (visited)
   Lair: D:8-11         Orc: D:9-12

Altars:
Ashenzari
Cheibriados
Dithmenos
Elyvilon
Fedhas
Gozag
Hepliaklqana
Kikubaaqudgha
Makhleb
Nemelex Xobeh
Okawaru
Qazlal
Ru
Sif Muna
Trog
Uskayaw
Vehumet
Wu Jian
Xom
Yredelemnul
Zin
The Shining One

Shops:
D:4 }[   D:6 *

Annotations:
D:7 1 runed translucent door


Innate Abilities, Weirdness & Mutations

You are very small and have problems with some larger weapons.
You are too small for most types of armour.
You have supernaturally acute eyesight. (SInv)
You are a herbivore.
You cover ground extremely quickly.
You need to consume almost no food.


Message History

The sting hits the big kobold.
The big kobold is poisoned.
The big kobold is lightly wounded.
The big kobold shouts!
You hear a shout!
The big kobold throws a stone.
The stone hits you but does no damage.
An orc comes into view. It is wielding a +0 short sword.
A kobold comes into view. x2
The kobold throws a stone.
The stone hits you but does no damage.
Casting: Sting (safe; 1% risk of failure)
Confirm with . or Enter, or press ? or * to list all spells.
Aiming: Mephitic Cloud (safe; 3% risk of failure)
Press: ? - help, Shift-Dir - straight line, p - big kobold The ball explodes into a vile cloud!
The stinking cloud engulfs the big kobold but does no damage.
The big kobold is lightly wounded.
You hear a shout! x3
The big kobold is engulfed in noxious fumes.
The big kobold appears confused.
The cyclops throws a large rock.
The large rock hits you!!!
Ouch! That really hurt!
You die...

#....Ko.C
#....).)#
#....§☼☼#
#.....K☼ #....○#
#.....#
###.....#
#.....@.#
#.####.##
#...##.#
#..<.#.#
#....#.#####.#
#..#.........#
.........#######
###########


You could see a cyclops, a big kobold (confused), an orc and a kobold.

Vanquished Creatures
  A manticore (D:8)
  Sigmund (D:5)
  Eustachio (D:6)
  An orc warrior (D:6)
  3 sky beasts
  3 ogres
  A necrophage (D:7)
  5 bullfrogs
  A water moccasin zombie (D:4)
  A water moccasin skeleton (D:7)
  4 scorpions
  5 killer bees (D:7)
  A howler monkey (D:4)
  A crimson imp (D:5)
  A centaur zombie (D:7)
  A jelly (D:6)
  2 bullfrog zombies
  2 hounds (D:5)
  2 bullfrog skeletons (D:4)
  2 orc priests (D:6)
  4 iguanas
  4 orc wizards
  4 worker ants
  A hound zombie (D:8)
  5 adders
  4 gnolls (D:8)
  A howler monkey skeleton (D:7)
  An ooze (D:1)
  2 adder zombies
  An adder skeleton (D:4)
  A worm (D:2)
  A dart slug (D:2)
  2 leopard geckos
  15 orcs
  4 bats
  A bat zombie (D:8)
  2 giant cockroaches
  8 goblins
  8 hobgoblins
  4 jackals
  2 quokkas
  2 ball pythons (D:1)
  6 frilled lizards
  8 kobolds
  5 rats
  3 rat zombies (D:8)
138 creatures vanquished.

Vanquished Creatures (others)
  A killer bee (D:7)
1 creature vanquished.

Grand Total: 139 creatures vanquished

Notes
Turn   | Place    | Note
-------+----------+-------------------------------------------
     0 | D:1      | Kaiern the Spriggan Venom Mage began the quest for the Orb.
     0 | D:1      | Reached XP level 1. HP: 9/9 MP: 5/5
   396 | D:1      | Reached skill level 3 in Spellcasting
   396 | D:1      | Reached XP level 2. HP: 13/13 MP: 2/7
  1324 | D:2      | Reached XP level 3. HP: 16/16 MP: 6/9
  1615 | D:2      | Reached skill level 4 in Spellcasting
  1615 | D:2      | Reached skill level 1 in Conjurations
  1828 | D:2      | Reached XP level 4. HP: 18/21 MP: 6/11
  2797 | D:2      | Learned a level 3 spell: Mephitic Cloud
  3045 | D:3      | Found a shimmering altar of Xom.
  3860 | D:4      | Reached skill level 5 in Spellcasting
  4138 | D:4      | Found Peopoh's Antique Armour Boutique.
  4162 | D:4      | Bought an embroidered robe for 118 gold pieces
  4199 | D:4      | Reached skill level 1 in Fighting
  4199 | D:4      | Reached XP level 5. HP: 25/25 MP: 8/13
  4727 | D:4      | Found a shattered altar of Ashenzari.
  4890 | D:4      | Reached XP level 6. HP: 15/30 MP: 13/15
  5127 | D:4      | Reached skill level 6 in Spellcasting
  5386 | D:4      | Found Acvo's Gadget Boutique.
  5862 | D:5      | Entered Level 5 of the Dungeon
  6067 | D:5      | Reached XP level 7. HP: 33/33 MP: 13/17
  6229 | D:5      | Noticed Sigmund
  6622 | D:5      | Found a basalt altar of Yredelemnul.
  7549 | D:5      | Killed Sigmund
  7549 | D:5      | Reached skill level 7 in Spellcasting
  7549 | D:5      | Reached skill level 5 in Poison Magic
  7938 | D:6      | Found Ochuh's General Store.
  8192 | D:6      | Reached XP level 8. HP: 38/38 MP: 14/20
  8215 | D:6      | Reached skill level 8 in Spellcasting
  9095 | D:6      | Found a shimmering blue altar of Sif Muna.
  9098 | D:6      | Found a bloodstained altar of Trog.
  9104 | D:6      | Became a worshipper of Sif Muna the Loreminder
  9176 | D:6      | Noticed Eustachio
  9295 | D:6      | Found a shattered altar of Ashenzari.
  9500 | D:6      | Reached skill level 9 in Spellcasting
  9896 | D:7      | Learned a level 5 spell: Venom Bolt
  9972 | D:7      | Found a sand-covered staircase.
  9977 | Ossuary  | Entered an ossuary
 10343 | D:7      | Found a runed translucent door.
 10343 | D:7      | Noticed a sixfirhy
 10375 | D:7      | Reached XP level 9. HP: 33/40 MP: 23/23
 10465 | D:6      | Killed Eustachio
 11103 | D:7      | Found a staircase to the Ecumenical Temple.
 11112 | Temple   | Entered the Ecumenical Temple
 11906 | D:8      | Reached skill level 5 in Conjurations
 12042 | D:8      | Noticed a manticore
 12064 | D:8      | Killed a manticore
 13179 | D:8      | Reached * piety under Sif Muna
 13300 | D:8      | Found an ancient bone altar of Kikubaaqudgha.
 13333 | D:8      | Found a snail-covered altar of Cheibriados.
 13338 | D:8      | Found an ornate altar of the Wu Jian Council.
 13604 | D:9      | Noticed a cyclops
 13607 | D:9      | Hit by a large rock thrown by a cyclops

Levels and vault maps discovered:
D:1:      dpeg_arrival_fog, layout_loops_corners
D:2:      wad_lake_hut, layout_loops_ring, first_ration
D:3:      layout_loops_ring, overflow_temple_1_default
D:4:      layout_basic, kennysheep_mini, serial_shops, shop_statue, shop
D:5:      layout_basic, overflow_temple_1_default, uniq_sigmund
D:6:      layout_rooms, gammafunk_temple_overflow_pools, serial_shops,
          shop_statue, basic_altar, uniq_eustachio
D:7:      cheibrodos_shockbox, layout_rooms, minmay_temple_entry_grid,
          enter_ossuary_2
D:8:      layout_loops_ring, lemuel_zombie_altar_kikubaaqudgha,
          grunt_temple_overflow_open
D:9:      layout_loops_cross, lair_entry_dummy, serial_shops, shop,
          hangedman_fish_farm, uniq_erica, uniq_maurice, uniq_grum
Temple:   eino_temple_lava

Skill      XL: |  1  2  3  4  5  6  7  8  9 |
---------------+----------------------------+-----
Spellcasting   | 3 4 5 6 7 9 |  9.1
Conjurations   | 1 2 3 4 5 |  5.7
Fighting       | 1 2 |  2.0
Poison Magic   | 4 5 7 8 |  8.4
Dodging        | |  3.1
Stealth        | |  3.9
Air Magic      | |  0.1

Action                   |  1- 3 |  4- 6 |  7- 9 || total
-------------------------+-------+-------+-------++-------
Melee: Short sword       |     5 |    32 |       ||    37
       Dagger            |       |    49 |   226 ||   275
 Cast: Sting             |    73 |    94 |   203 ||   370
       Mephitic Cloud    |       |     3 |    36 ||    39
  Use: Scroll            |       |     7 |     9 ||    16
  Eat: Ration            |       |     1 |     4 ||     5
Armor: Robe              |     1 |    10 |    30 ||    41
Dodge: Dodged            |    15 |    76 |   218 ||   309
